 Dungeon Crawl Stone Soup version 0.30.1-9-gdf580d7c3d (webtiles) character file.

Game seed: 15234750689065535170

373 Eitelfritz the Poker (level 6, -1/47 HPs)
             Began as a Merfolk Gladiator on Oct 20, 2023.
             Was an Initiate of Dithmenos.
             Slain by a water moccasin (6 damage)
             ... on level 7 of the Dungeon.
             The game lasted 00:10:23 (4164 turns).

Eitelfritz the Poker (Merfolk Gladiator)            Turns: 4164, Time: 00:10:26

Health: -1/47      AC:  8    Str: 14    XL:     6   Next: 72%
Magic:  6/6        EV: 13    Int:  9    God:    Dithmenos [......]
Gold:   1386       SH:  0    Dex: 16    Spells: 5/5 levels left

rFire   . . .        a - +1 trident (heavy)
rCold   . . .        (no shield)
rNeg    . . .        G - +0 ring mail
rPois   .            c - +2 helmet
rElec   .            (no cloak)
rCorr   .            (no gloves)
SInv    .            (no boots)
Will    .....        (no amulet)
Stlth   ++           (no ring)
HPRegen 0.27/turn    (no ring)
MPRegen 0.10/turn

%: no passive effects
@: lethally poisoned (-1 -> -13)
A: (nimble swimmer 2), mertail
a: Renounce Religion


You were on level 7 of the Dungeon.
You worshipped Dithmenos.
Dithmenos was noncommittal.
You visited 1 branch of the dungeon, and saw 7 of its levels.
You also visited: Sewer.

You collected 1386 gold pieces.

Inventory:

Hand Weapons
 a - a +1 heavy trident (weapon)
Missiles
 d - 2 throwing nets (quivered)
 e - a javelin
 k - 9 poisoned darts
 r - 3 curare-tipped darts
Armour
 c - a +2 helmet (worn)
 G - a +0 ring mail (worn)
Wands
 B - a wand of flame (25)
Scrolls
 h - a scroll of enchant armour
 m - 2 scrolls of fear
 v - 2 scrolls of teleportation
 y - a scroll of amnesia
Potions
 i - 2 potions of flight {unknown}
 o - 2 potions of cancellation {unknown}
 s - 3 potions of curing
 u - 2 potions of berserk rage {unknown}
 w - a potion of might {unknown}
 z - 2 potions of haste {unknown}
 D - a potion of brilliance {unknown}


   Skills:
 + Level 3.4 Fighting
 + Level 6.8 Polearms
 + Level 2.2 Throwing
 + Level 1.5 Armour
 + Level 5.3 Dodging
 + Level 2.5 Stealth


You had 5 spell levels left.
You didn't know any spells.
Your spell library contained the following spells:

 Spells                   Type           Power      Damage    Failure   Level
 Sublimation of Blood     Necr           0%         N/A       77%         2
 Petrify                  Tmut/Erth      0%         N/A       100%        4
 Irradiate                Conj/Tmut      0%         3d11      100%        5


Dungeon Overview and Level Annotations

Branches:
Dungeon (8/15)              Sewer (visited)
 Temple: D:4-7         Lair: D:8-11

Altars:
Ashenzari
Dithmenos
Elyvilon
Fedhas
Kikubaaqudgha
Nemelex Xobeh
Uskayaw
Wu Jian
Xom
Yredelemnul
The Shining One

Shops:
D:2 (


Innate Abilities, Weirdness & Mutations

((You are very nimble when in or above water. (Stealth+, EV+, Speed+++)))
Your lower body shifts to a powerful aquatic tail in water.


Message History

Your legs become a tail as you enter the water.
A water moccasin comes into view.
You hear the faint creaking of a very distant portcullis.
The water moccasin barely misses you.
You closely miss the water moccasin. The water moccasin bites you.
The water moccasin bites you!
You are poisoned.
The water moccasin poisons you!
You hit the water moccasin.
The water moccasin is lightly wounded.
You feel very sick.
The water moccasin bites you but does no damage.
The water moccasin barely misses you.
You miss the water moccasin.
The water moccasin is lightly wounded.
You feel very sick. The water moccasin barely misses you.
The water moccasin bites you.
You are more poisoned.
The water moccasin poisons you!
You closely miss the water moccasin.
The water moccasin is lightly wounded.
You feel extremely sick. The water moccasin bites you.
You are lethally poisoned!
The water moccasin poisons you!
The water moccasin bites you but does no damage.
You impale the water moccasin!!
The water moccasin is almost dead.
* * * LOW HITPOINT WARNING * * *
You feel extremely sick. The water moccasin misses you.
The water moccasin bites you but does no damage.
You barely miss the water moccasin.
The water moccasin is almost dead.
* * * LOW HITPOINT WARNING * * *
You feel very sick. The water moccasin bites you.
* * * LOW HITPOINT WARNING * * *
The water moccasin bites you.
You die...

####........#.....#....
#>....#.##.........
#.....##..........#
###.......###.#...#
...........# #...##
........###.###....#
######P..P...##..###
#P..♣~~...S#.#
#PP.♣~♣~~~@♣..#
#P..~~~~~.~....#
#P..~~~~♣~.....#
...~♣♣~..P.###
...~~....### #P..P...##
.....#### #####


You could see a water moccasin.

Vanquished Creatures
  An ogre (D:4)
  A bullfrog (D:8)
  An iguana (D:4)
  5 river rats (Sewer)
  6 adders
  4 dart slugs
  5 orcs (D:3)
  8 bats
  6 endoplasms
  5 giant cockroaches
  3 goblins
  5 hobgoblins
  4 jackals (D:2)
  5 kobolds
  6 quokkas
  8 ball pythons
  5 frilled lizards (Sewer)
  13 rats
91 creatures vanquished.

Notes
Turn   | Place    | Note
-------+----------+-------------------------------------------
     0 | D:1      | Eitelfritz the Merfolk Gladiator began the quest for the
                  | Orb.
     0 | D:1      | Reached XP level 1. HP: 16/16 MP: 1/1
   157 | D:1      | Reached XP level 2. HP: 16/22 MP: 2/2
  1002 | D:2      | Reached XP level 3. HP: 28/28 MP: 3/3
  1227 | D:2      | Found Qonlunid's Weapon Shop.
  1420 | D:2      | Reached skill level 5 in Polearms
  1582 | D:3      | Found a shimmering altar of Xom.
  1588 | D:3      | Found a sparkling altar of Nemelex Xobeh.
  1588 | D:3      | Found a basalt altar of Yredelemnul.
  1588 | D:3      | Found a white marble altar of Elyvilon.
  1591 | D:3      | Found a broken altar of Ashenzari.
  1615 | D:3      | Reached XP level 4. HP: 34/34 MP: 4/4
  1686 | D:3      | Found a glowing drain.
  1713 | Sewer    | Entered a sewer
  1793 | Sewer    | Reached skill level 1 in Armour
  1800 | Sewer    | Reached skill level 5 in Dodging
  1901 | Sewer    | Reached XP level 5. HP: 33/40 MP: 5/5
  2215 | Sewer    | Reached skill level 1 in Stealth
  2735 | D:3      | Found a blossoming altar of Fedhas.
  2735 | D:3      | Found an ancient bone altar of Kikubaaqudgha.
  3009 | D:4      | Found a hide-covered altar of Uskayaw.
  3010 | D:4      | Noticed a +0 dagger
  3011 | D:4      | Noticed a +0 hand axe
  3089 | D:4      | Found a shadowy altar of Dithmenos.
  3090 | D:4      | Found a glowing golden altar of the Shining One.
  3091 | D:4      | Found an ornate altar of the Wu Jian Council.
  3101 | D:4      | Reached skill level 6 in Polearms
  3104 | D:4      | Became a worshipper of Dithmenos the Shadowed
  3148 | D:4      | Noticed an ogre
  3176 | D:4      | Killed an ogre
  3177 | D:4      | Reached XP level 6. HP: 47/47 MP: 6/6
  3228 | D:4      | HP: 2/47 [iguana (7)]
  3790 | D:4      | Identified a scroll of acquirement
  3790 | D:4      | Acquired 1202 gold pieces
  3966 | D:5      | Entered Level 5 of the Dungeon
  3966 | D:5      | You fall into a shaft and drop 3 floors!
  4028 | D:8      | Noticed a wyvern
  4028 | D:8      | Noticed a water moccasin
  4152 | D:7      | Noticed a water moccasin
  4164 | D:7      | Slain by a water moccasin

Illustrated notes

Levels and vault maps discovered:
D:1:      mrwooster_arrival_statue, layout_loops_corners,
          minmay_misc_feat_enclosed, nicolae_concentric_dashed_squares_mild,
          due_unseen_surprise
D:2:      layout_loops_ring, serial_shops, nicolae_shop_bloodbath_and_beyond
D:3:      layout_loops_ring, minitemple, grunt_temple_overflow_growth_and_decay,
          gup_sewer_entry_pipe, hangedman_decor_diamond_cutter
D:4:      layout_basic, dancing_weapons_uskayaw,
          chequers_temple_overflow_statue_of_worship
D:5:      kennysheep_steamy, layout_rooms, minmay_between
D:7:      layout_cave_pools, enter_bailey_7, serial_bayou_pond_a,
          bh_walls_and_bars, uniq_crazy_yiuf_cottage
D:8:      layout_basic

Skill      XL: |  1  2  3  4  5 |
---------------+----------------+-----
Polearms       | 5 6 |  6.8
Armour         | 1 |  1.5
Dodging        | 5 |  5.3
Fighting       | 3 |  3.4
Stealth        | 2 |  2.5
Throwing       | |  2.2

Action                     |  1- 3 |  4- 6 || total
---------------------------+-------+-------++-------
  Melee: Trident           |   114 |   173 ||   287
         Punch             |     2 |     2 ||     4
         Tailslap          |       |     2 ||     2
  Throw: Dart              |       |     4 ||     4
         Throwing net      |       |     1 ||     1
    Use: Scroll            |       |    18 ||    18
   Stab: Sleeping          |     1 |    11 ||    12
         Held in net/web   |       |     1 ||     1
 Armour: Leather armour    |    32 |    23 ||    55
         Ring mail         |       |     4 ||     4
  Dodge: Dodged            |    80 |   101 ||   181
